 Dungeon Crawl Stone Soup version 0.28-a0-43-g560ac104fe (webtiles) character file.

Game seed: 13784279114667114258

2234 robertstho the Protected (level 9, 0/106 HPs)
             Began as a Human Berserker on July 28, 2021.
             Was a Priest of Trog.
             Slain by a kobold (2 damage)
             ... on level 7 of the Dungeon.
             The game lasted 00:11:36 (8220 turns).

robertstho the Protected (Human Berserker)          Turns: 8220, Time: 00:11:37

Health: 0/106      AC: 17    Str: 21    XL:     9   Next: 62%
Magic:  0/9        EV:  7    Int:  6    God:    Trog [***...]
Gold:   348        SH:  0    Dex: 12    Spells: 8/8 levels left

rFire   . . .      SeeInvis .   d - +2 scythe (vamp)
rCold   . . .      Faith    .   (shield currently unavailable)
rNeg    . . .      Spirit   +   j - +0 plate armour
rPois   .          Reflect  .   w - +0 helmet
rElec   .          Harm     .   (no cloak)
rCorr   +          Rampage  .   (no gloves)
Will    ++...                   (no boots)
Stlth   ..........              t - amulet of guardian spirit
HPRegen 1.27/turn               m - ring of resist corrosion
MPRegen 0.11/turn               (no ring)

@: berserking (expiring), lethally poisoned (0 -> -6), strong-willed (expiring),
regenerating (expiring), slowed
A: iridescent scales 1, dopey 1, wild magic 1
a: Renounce Religion, Berserk, Trog's Hand


You were on level 7 of the Dungeon.
You worshipped Trog.
Trog was most pleased with you.
You visited 1 branch of the dungeon, and saw 7 of its levels.

You collected 348 gold pieces.

Inventory:

Hand Weapons
 d - a +2 vampiric scythe (weapon)
 u - a +0 trident
Armour
 c - +0 acid dragon scales
 j - a +0 plate armour (worn)
 w - a +0 helmet (worn)
Jewellery
 m - a ring of resist corrosion (left hand)
 t - an amulet of guardian spirit (around neck)
Wands
 b - a wand of iceblast (1)
 q - a wand of digging (5)
Scrolls
 a - a scroll of vulnerability {unknown}
 e - 4 scrolls of magic mapping {unknown}
 g - 2 scrolls of fog
 h - a scroll of fear
 i - 2 scrolls of amnesia {unknown}
 k - 2 scrolls of enchant armour
 l - 2 scrolls of silence
Potions
 f - a potion of experience {unknown}
 n - a potion of degeneration
 p - a potion of might {unknown}
 r - a potion of lignification
 s - a potion of resistance


   Skills:
 * Level 6.5 Fighting
 + Level 7.5 Polearms
 * Level 8.0 Armour
 + Level 3.0 Dodging
 + Level 0.1 Stealth
 + Level 0.5 Evocations


You had 8 spell levels left.
You didn't know any spells.
Your spell library was empty.

Dungeon Overview and Level Annotations

Branches:
Dungeon (7/15)
 Temple: D:4-7

Altars:

Shops:
D:2 [

Annotations:
D:2 768 mask
D:4 Eustachio, Pikel


Innate Abilities, Weirdness & Mutations

You are partially covered in iridescent scales. (AC +2)
You are dopey. (Int -2)
Your spells are a little harder to cast, but a little more powerful.


Message History

Menkaure calls on the powers of darkness!
The kobold brigand convulses!
The kobold convulses!
Your body is wracked with pain!
* * * LOW HITPOINT WARNING * * *
The kobold convulses!
The kobold closely misses you. The kobold hits you but does no damage.
You are more poisoned.
The kobold brigand closely misses you. The kobold barely misses you.
You hit the kobold brigand.
You feel better.
The kobold brigand is severely wounded.
You feel extremely sick. The kobold hits you but does no damage.
You are more poisoned.
The kobold brigand hits you but does no damage.
The kobold hits you but does no damage. The kobold closely misses you.
The kobold brigand hits you but does no damage.
You slash the kobold brigand!
You feel better.
You kill the kobold brigand!
Trog accepts your kill.
You feel the effects of Trog's Hand fading.
You feel extremely sick.
The kobold hits you but does no damage. x2
Menkaure hits you but does no damage.
The kobold hits you but does no damage. x2
You are more poisoned.
You slice Menkaure!!
Menkaure is almost destroyed.
* * * LOW HITPOINT WARNING * * *
You feel extremely sick. Menkaure completely misses you.
The kobold hits you but does no damage. The kobold barely misses you.
Menkaure hits you!
* * * LOW HITPOINT WARNING * * *
You slice Menkaure!!
You destroy Menkaure!
Trog accepts your kill.
Trog appreciates your killing of a magic user.
* * * LOW HITPOINT WARNING * * *
You feel very sick. The kobold hits you but does no damage.
The kobold hits you with a +0 short sword of venom.
You die...

................ ....
.............# .......
.............# .......
.............# ......
.............# ......
.............####...####
........)...............
.............##..K#.....
..............+.@K......
.............#..n.<....
.....)..........#......
................#......
................ .....
............... .....
.......... ....
........#. ....


You could see a necrophage and 2 kobolds.

Vanquished Creatures
  Maggie (D:6)
  Sigmund (D:6)
  Menkaure (D:7)
  Edmund (D:6)
  A water moccasin (D:6)
  An orc warrior (D:6)
  A black bear (D:6)
  A necrophage (D:4)
  A lemure (D:4)
  A kobold brigand (D:7)
  A gnoll sergeant (D:6)
  4 bullfrogs (D:6)
  2 wyvern zombies
  2 scorpions
  A bullfrog zombie (D:5)
  A hound (D:6)
  A centaur zombie (D:6)
  4 orc priests
  A jelly (D:6)
  2 bullfrog skeletons
  2 iguanas (D:5)
  4 orc wizards
  Ijyb (D:5)
  A hound skeleton (D:5)
  3 gnolls (D:6)
  6 adders
  An ufetubus (D:5)
  6 worms
  3 dart slugs
  9 orcs
  6 bats
  5 endoplasms
  4 giant cockroaches
  7 goblins
  8 hobgoblins
  10 jackals
  8 kobolds
  3 quokkas
  9 ball pythons
  4 frilled lizards
  10 rats
139 creatures vanquished.

Vanquished Creatures (others)
  2 plants (D:6)
2 creatures vanquished.

Grand Total: 141 creatures vanquished

Notes
Turn   | Place    | Note
-------+----------+-------------------------------------------
     0 | D:1      | robertstho the Human Berserker began the quest for the Orb.
     0 | D:1      | Reached XP level 1. HP: 18/18 MP: 1/1
    26 | D:1      | Reached XP level 2. HP: 24/24 MP: 2/2
   458 | D:1      | Found a faded altar of an unknown god.
   476 | D:1      | Reached XP level 3. HP: 29/29 MP: 3/3
   668 | D:1      | Reached ** piety under Trog
  1571 | D:2      | Reached XP level 4. HP: 21/36 MP: 4/4
  2171 | D:2      | Found Togautt's Antique Armour Emporium.
  2278 | D:2      | Reached skill level 3 in Armour
  2332 | D:2      | Noticed a scorpion
  2344 | D:2      | Killed a scorpion
  2345 | D:2      | Reached XP level 5. HP: 23/42 MP: 5/5
  3482 | D:3      | Reached *** piety under Trog
  3499 | D:3      | Reached XP level 6. HP: 48/48 MP: 6/6
  3905 | D:4      | Noticed Pikel
  3905 | D:4      | Noticed Eustachio
  4256 | D:4      | Noticed a necrophage
  4276 | D:4      | Killed a necrophage
  4277 | D:4      | Reached skill level 4 in Armour
  5244 | D:5      | Entered Level 5 of the Dungeon
  5342 | D:5      | Noticed Ijyb
  5354 | D:5      | Killed Ijyb
  5355 | D:5      | Reached XP level 7. HP: 53/53 MP: 5/7
  5508 | D:5      | Reached skill level 5 in Polearms
  6445 | D:6      | Reached skill level 5 in Armour
  6446 | D:6      | Reached skill level 5 in Fighting
  6537 | D:6      | Reached XP level 8. HP: 57/62 MP: 5/8
  6575 | D:6      | Gained mutation: You do not regenerate when monsters are
                  | visible. [potion of mutation]
  6909 | D:6      | Reached skill level 6 in Armour
  7031 | D:6      | Noticed Maggie
  7043 | D:6      | Killed Maggie
  7044 | D:6      | Reached skill level 7 in Armour
  7044 | D:6      | Reached XP level 9. HP: 23/69 MP: 1/9
  7293 | D:6      | Lost mutation: You do not regenerate when monsters are
                  | visible. [potion of mutation]
  7293 | D:6      | Gained mutation: You are dopey. (Int -2) [potion of
                  | mutation]
  7293 | D:6      | Gained mutation: Your spells are a little harder to cast,
                  | but a little more powerful. [potion of mutation]
  7293 | D:6      | Gained mutation: You are partially covered in iridescent
                  | scales. (AC +2) [potion of mutation]
  7473 | D:6      | Noticed Edmund
  7493 | D:6      | Killed Edmund
  8014 | D:6      | Noticed Sigmund
  8019 | D:6      | Killed Sigmund
  8061 | D:7      | Reached skill level 8 in Armour
  8210 | D:7      | Noticed Menkaure
  8220 | D:7      | Killed Menkaure
  8220 | D:7      | HP: 2/106 [poisoned by a kobold]
  8220 | D:7      | Slain by a kobold

Illustrated notes

Levels and vault maps discovered:
D:1:      heliophobic_arrival_battle_scene, layout_basic,
          hellmonk_ecumenical_altar_lost_god, hangedman_decor_opposing,
          minmay_strange_pillars, chequers_serial_rivers_micro_a, st_stairs_2,
          minivault_27, minmay_hexomino_c4
D:2:      layout_basic, serial_shops, nicolae_shop_trees, dk_vineyard_3
D:3:      layout_basic, columned_hall_lemuel, skrybe_limestone_x,
          dk_noncrumbling_2, grunt_ministairs_6
D:4:      minmay_door_path, layout_basic, uniq_eustachio, uniq_pikel
D:5:      layout_basic, uniq_ijyb
D:6:      layout_cave_pools, grunt_ministairs_11, sigmund_edmund_badplayer,
          uniq_maggie
D:7:      layout_basic, minmay_temple_entry_enclosed_plants, uniq_menkaure,
          uniq_harold

Skill      XL: |  1  2  3  4  5  6  7  8  9 |
---------------+----------------------------+-----
Armour         | 3 4 5 7 8 |  8.0
Fighting       | 4 5 6 |  6.5
Polearms       | 4 5 6 7 |  7.5
Dodging        | 3 |  3.0
Stealth        | |  0.1
Evocations     | |  0.5

Action                   |  1- 3 |  4- 6 |  7- 9 || total
-------------------------+-------+-------+-------++-------
Melee: Spear             |   130 |   246 |       ||   376
       Trident           |       |    51 |   262 ||   313
       Scythe            |       |       |    12 ||    12
Invok: Berserk           |     1 |     6 |    10 ||    17
       Trog's Hand       |       |       |     5 ||     5
Evoke: Wand              |       |       |     4 ||     4
  Use: Scroll            |     3 |     8 |     2 ||    13
       Potion            |       |     1 |     8 ||     9
Armor: Chain mail        |    37 |   237 |   153 ||   427
       Animal skin       |     1 |       |       ||     1
       Skin              |       |       |    36 ||    36
       Plate armour      |       |       |    33 ||    33
Dodge: Dodged            |    35 |   170 |   104 ||   309

Table legend: (Time is in decaauts)
 A = Elapsed time spent in this place.
 B = Non-inter-level travel time spent in this place.
 C = Inter-level travel time spent in this place.
 D = Time resting spent in this place.
 E = Time spent auto-exploring this place.
 F = Levels seen in this place.
 G = Mean time per level.
                   A        B        C        D        E       F      G
               +--------+--------+--------+--------+--------+-----+--------+
         Total |   8330 |   7894 |    436 |   1132 |   5494 |   7 | 1190.0 |
       Dungeon |   8330 |   7894 |    436 |   1132 |   5494 |   7 | 1190.0 |
               +--------+--------+--------+--------+--------+-----+--------+

Top non-repeatable levels by time:
     D:6: 1670 daAuts
     D:2: 1629 daAuts
     D:1: 1327 daAuts
     D:4: 1263 daAuts
     D:5: 1218 daAuts
     D:3: 1047 daAuts
     D:7: 174 daAuts
